 Dungeon Crawl Stone Soup version 0.24-a0-715-g0b739ee41d (webtiles) character file.

Game seed: 13566229753469234963, levelgen mode: deterministic

65 Analysis the Shooter (level 3, -2/30 HPs)
             Began as a Centaur Hunter on Sept 30, 2019.
             Slain by a water moccasin zombie (3 damage)
             ... on level 2 of the Dungeon.
             The game lasted 00:04:47 (1606 turns).

Analysis the Shooter (Centaur Hunter)               Turns: 1606, Time: 00:04:48

Health: -2/30      AC:  5    Str: 15    XL:     3   Next: 94%
Magic:  3/3        EV:  9    Int: 10    God:
Gold:   105        SH:  0    Dex:  9    Spells: 2/2 levels left

rFire    . . .     SeeInvis .   b - +0 short sword
rCold    . . .     Gourm    .   (no shield)
rNeg     . . .     Faith    .   h - +0 ring mail
rPois    .         Spirit   .   (no helmet)
rElec    .         Reflect  .   (no cloak)
rCorr    .         Harm     .   (no gloves)
MR       .....                  (no barding)
Stlth    ..........             (no amulet)
HPRegen  0.10/turn              (no ring)
MPRegen  0.08/turn              (no ring)

@: very quick
A: large, hooves 3, deformed body, speed 2, tough skin 3
a: no special abilities


You were on level 2 of the Dungeon.
You were hungry.

You visited 1 branch of the dungeon, and saw 2 of its levels.

You collected 105 gold pieces.

Inventory:

Hand Weapons
 a - a +1 shortbow
 b - a +0 short sword (weapon)
Missiles
 d - 20 arrows
Armour
 h - a +0 ring mail (worn)
Jewellery
 l - an uncursed ring of protection from fire {unknown}
Scrolls
 e - a scroll of identify {unknown}
 g - 2 scrolls of teleportation {unknown}
 i - a scroll of amnesia {unknown}
 j - a scroll of noise {unknown}
Potions
 k - 2 potions of lignification {unknown}
Comestibles
 f - 3 rations


   Skills:
 + Level 2.7 Fighting
 + Level 5.8 Bows
 + Level 1.1 Armour
 + Level 2.0 Dodging
 - Level 0.4 Stealth


You had 2 spell levels left.
You didn't know any spells.
Your spell library was empty.

Dungeon Overview and Level Annotations

Branches:
Dungeon (2/15)

Altars:


Innate Abilities, Weirdness & Mutations

You have hooves in place of feet.
Armour fits poorly on your strangely shaped body.
You cover ground very quickly.
You have extremely tough skin. (AC +3)


Message History

The water moccasin zombie barely misses you.
You hit the water moccasin zombie but do no damage.
The water moccasin zombie is lightly damaged.
The water moccasin zombie bites you.
* * * LOW HITPOINT WARNING * * *
The water moccasin zombie barely misses you.
You hit the water moccasin zombie. You kick the water moccasin zombie.
The water moccasin zombie is moderately damaged.
The water moccasin zombie barely misses you.
You barely miss the water moccasin zombie.
Your kick misses the water moccasin zombie.
The water moccasin zombie is moderately damaged.
The water moccasin zombie bites you.
* * * LOW HITPOINT WARNING * * *
You hit the water moccasin zombie.
Your kick misses the water moccasin zombie.
The water moccasin zombie is heavily damaged.
The water moccasin zombie bites you but does no damage.
The water moccasin zombie bites you.
You die...

####.# #....#...#
...#.# #....#...#
##.#.### #....#...#
.......###....#...##
##.###..............
#.#
#.###....##..###.#
#.#
#..........g.....#
#.#
#.###.#..##Z######
#.# #.# #.#..##@#
#.# #.#
#.#...#.###### #.#
#.#.....#..........
#.#
#.#.###.#.#.#...###
##.# #.# ..#...#...#
...# #. .###...# ..#
#..# # #...# ..#
#..# ....# .# #..#
#...# .#


You could see a water moccasin zombie and a goblin.

Vanquished Creatures
  2 gnolls (D:1)
  An adder (D:2)
  An ooze (D:1)
  A dart slug (D:1)
  A leopard gecko (D:1)
  7 bats
  5 goblins (D:1)
  2 hobgoblins (D:1)
  A ball python (D:1)
  7 kobolds
  4 rats
32 creatures vanquished.

Notes
Turn   | Place    | Note
-------+----------+-------------------------------------------
     0 | D:1      | Analysis the Centaur Hunter began the quest for the Orb.
     0 | D:1      | Reached XP level 1. HP: 17/17 MP: 1/1
   432 | D:1      | Reached XP level 2. HP: 24/24 MP: 2/2
   803 | D:1      | Reached XP level 3. HP: 30/30 MP: 3/3
  1124 | D:1      | Reached skill level 1 in Armour
  1605 | D:2      | HP: 1/30 [water moccasin zombie (5)]
  1606 | D:2      | Slain by a water moccasin zombie

Levels and vault maps discovered:
D:1:      lemuel_arrival_muddy, layout_loops_ring, minivault_19,
          minmay_liquid_box, minmay_small_reverse_x
D:2:      layout_basic, vehumet_crystals, corexii_corridor_pit, uniq_terence

Skill      XL: |  1  2  3 |
---------------+----------+-----
Armour         | 1 |  1.1
Dodging        | 2 |  2.0
Fighting       | |  2.7
Bows           | |  5.8
Stealth        | |  0.4

Action                   || total
-------------------------++-------
Melee: Short sword       ||   132
       Kick              ||    23
  Eat: Chunk             ||     1
Armor: Ring mail         ||    49
       Leather armour    ||     4
Dodge: Dodged            ||    68

Table legend:
 A = Non-vault XP
 B = Vault XP
 C = Vault XP percentage of total XP
 D = Non-vault monster count
 E = Vault monster count
 F = Vault count percentage of total count
                 A         B        C        D         E       F
            +---------+---------+-------+---------+---------+-------
      Total |      76 |      18 |  19.1 |      28 |       4 |  12.5
            +---------+---------+-------+---------+---------+-------
        D:1 |      59 |      18 |  23.4 |      24 |       4 |  14.3
        D:2 |      17 |       0 |   0.0 |       4 |       0 |   0.0
            +---------+---------+-------+---------+---------+-------
